AoeStats
← Goku Prime

Hideout

507870188Analyzed
1v1 RM · 12d ago on Sep 20, 2026· 23m 2s· 2 players
Game mode
Random Map
Map size
Tiny (2 player)
Population
200
Speed
Normal
Resources
Standard
Victory
Conquest
Starting age
Dark Age
Ending age
Imperial Age
RankedLock teamsTeams togetherTeam positionsShared explorationLock speedFull tech treeHidden civsTurbo modeCheats
Victory
Defeat
🇦🇺 Romans · Australia
1115
+15
🇺🇸 Spanish · United States
1090
-15
Harveygod
11:17 Feudal Age
13:25 Loom
16:35 Castle Age
Goku Prime
10:07 Feudal Age
10:12 Man-at-Arms
14:15 Scale Mail Armor
18:31 Loom
19:42 Forging
19:34 Double-Bit Axe
25:33 Castle Age
Connection lost

Rejoining the realm…

Still unreachable

The connection could not be restored.

Session expired

The server has moved on; the page needs a fresh start.